Workbook
Name 委託業種: #REF!
Name 委託職種: #REF!
Name 給与形態: #REF!
Name 従事状況: [1]Sheet2!$D$1:$D$5
Name 職種: #REF!

Sheet 様式第2号
A1: ・提出ファイル名は、「〇〇工事_様式第2号_貴社名」としてください。
A2: ・Ｅｘｃｅｌ形式のままご提出ください。
A3: 様式第２号（第４条関係）
A5: 支払賃金報告書
A7: 下記内容について、事実と相違ないことを誓約します。
B9: 作成者名： | C9: 連絡先： | D9: 工事完成日：
M10: ※月給制・日給制・時給制のいずれか1つのみ入力してください。 | P10: 自動計算 | R10: 自動計算 | S10: 自動計算 | U10: 自動計算 | V10: 自動計算 | Y10: 自動計算
A11: No | B11: 工事名 | C11: 貴社の商号又は名称 | D11: 元請の商号又は名称 | E11: 元請/下請 | F11: 氏名 | G11: 職種区分 | I11: 年代 | J11: 現職場 在籍年数 | K11: 給与 形態 | L11: １ヶ月の 労働日数 | M11: 月給制 | W11: 日給制 | Z11: 時給制 | AA11: 時給換算額 （総合） | AB11: 設計労務単価 | AC11: 設計労務単価 との差異 | AD11: 設計労務単価 比率 | AE11: 最低賃金法違反確認
G12: 職種 | H12: 見習 | M12: 基本給 | N12: 基準内手当 | O12: 臨時の給与 | P12: 臨時の給与 （月換算） | Q12: 実物給付 | R12: 実物給付 （月換算） | S12: 支払賃金額 | T12: １日の所定労働時間 | U12: 月内労働時間 | V12: 時給換算額 | W12: 日給額 | X12: １日の所定労働時間 | Y12: 時給換算額 | Z12: 時給額
A14: 1 | P14: =O14/12 -> 0 | R14: =Q14/12 -> 0 | S14: =M14+N14+P14+R14 -> 0 | U14: =T14*L14 -> 0 | V14: =IFERROR((S14/U14),"") | Y14: =IFERROR((W14/X14),"") | AA14: =_xlfn.IFS(V14<>"", V14, Y14<>"", Y14, Z14<>"", Z14, TRUE, "") | AB14: =VLOOKUP(G14,単価一覧表!A:B,2,FALSE) -> #N/A | AC14: =AA14-AB14 -> #VALUE! | AD14: =AA14/AB14 -> #VALUE! | AE14: =IF(AA14<単価一覧表!D$4,"最低賃金法に抵触する恐れがあります!!","")
A15: 2 | P15: =O15/12 -> 0 | R15: =Q15/12 -> 0 | S15: =M15+N15+P15+R15 -> 0 | U15: =T15*L15 -> 0 | V15: =IFERROR((S15/U15),"") | Y15: =IFERROR((W15/X15),"") | AA15: =_xlfn.IFS(V15<>"", V15, Y15<>"", Y15, Z15<>"", Z15, TRUE, "") | AB15: =VLOOKUP(G15,単価一覧表!A:B,2,FALSE) -> #N/A | AC15: =AA15-AB15 -> #VALUE! | AD15: =AA15/AB15 -> #VALUE! | AE15: =IF(AA15<単価一覧表!D$4,"最低賃金法に抵触する恐れがあります!!","")
A16: 3 | P16: =O16/12 -> 0 | R16: =Q16/12 -> 0 | S16: =M16+N16+P16+R16 -> 0 | U16: =T16*L16 -> 0 | V16: =IFERROR((S16/U16),"") | Y16: =IFERROR((W16/X16),"") | AA16: =_xlfn.IFS(V16<>"", V16, Y16<>"", Y16, Z16<>"", Z16, TRUE, "") | AB16: =VLOOKUP(G16,単価一覧表!A:B,2,FALSE) -> #N/A | AC16: =AA16-AB16 -> #VALUE! | AD16: =AA16/AB16 -> #VALUE! | AE16: =IF(AA16<単価一覧表!D$4,"最低賃金法に抵触する恐れがあります!!","")
A17: 4 | P17: =O17/12 -> 0 | R17: =Q17/12 -> 0 | S17: =M17+N17+P17+R17 -> 0 | U17: =T17*L17 -> 0 | V17: =IFERROR((S17/U17),"") | Y17: =IFERROR((W17/X17),"") | AA17: =_xlfn.IFS(V17<>"", V17, Y17<>"", Y17, Z17<>"", Z17, TRUE, "") | AB17: =VLOOKUP(G17,単価一覧表!A:B,2,FALSE) -> #N/A | AC17: =AA17-AB17 -> #VALUE! | AD17: =AA17/AB17 -> #VALUE! | AE17: =IF(AA17<単価一覧表!D$4,"最低賃金法に抵触する恐れがあります!!","")
A18: 5 | P18: =O18/12 -> 0 | R18: =Q18/12 -> 0 | S18: =M18+N18+P18+R18 -> 0 | U18: =T18*L18 -> 0 | V18: =IFERROR((S18/U18),"") | Y18: =IFERROR((W18/X18),"") | AA18: =_xlfn.IFS(V18<>"", V18, Y18<>"", Y18, Z18<>"", Z18, TRUE, "") | AB18: =VLOOKUP(G18,単価一覧表!A:B,2,FALSE) -> #N/A | AC18: =AA18-AB18 -> #VALUE! | AD18: =AA18/AB18 -> #VALUE! | AE18: =IF(AA18<単価一覧表!D$4,"最低賃金法に抵触する恐れがあります!!","")
A19: 6 | P19: =O19/12 -> 0 | R19: =Q19/12 -> 0 | S19: =M19+N19+P19+R19 -> 0 | U19: =T19*L19 -> 0 | V19: =IFERROR((S19/U19),"") | Y19: =IFERROR((W19/X19),"") | AA19: =_xlfn.IFS(V19<>"", V19, Y19<>"", Y19, Z19<>"", Z19, TRUE, "") | AB19: =VLOOKUP(G19,単価一覧表!A:B,2,FALSE) -> #N/A | AC19: =AA19-AB19 -> #VALUE! | AD19: =AA19/AB19 -> #VALUE! | AE19: =IF(AA19<単価一覧表!D$4,"最低賃金法に抵触する恐れがあります!!","")
A20: 7 | P20: =O20/12 -> 0 | R20: =Q20/12 -> 0 | S20: =M20+N20+P20+R20 -> 0 | U20: =T20*L20 -> 0 | V20: =IFERROR((S20/U20),"") | Y20: =IFERROR((W20/X20),"") | AA20: =_xlfn.IFS(V20<>"", V20, Y20<>"", Y20, Z20<>"", Z20, TRUE, "") | AB20: =VLOOKUP(G20,単価一覧表!A:B,2,FALSE) -> #N/A | AC20: =AA20-AB20 -> #VALUE! | AD20: =AA20/AB20 -> #VALUE! | AE20: =IF(AA20<単価一覧表!D$4,"最低賃金法に抵触する恐れがあります!!","")
A21: 8 | P21: =O21/12 -> 0 | R21: =Q21/12 -> 0 | S21: =M21+N21+P21+R21 -> 0 | U21: =T21*L21 -> 0 | V21: =IFERROR((S21/U21),"") | Y21: =IFERROR((W21/X21),"") | AA21: =_xlfn.IFS(V21<>"", V21, Y21<>"", Y21, Z21<>"", Z21, TRUE, "") | AB21: =VLOOKUP(G21,単価一覧表!A:B,2,FALSE) -> #N/A | AC21: =AA21-AB21 -> #VALUE! | AD21: =AA21/AB21 -> #VALUE! | AE21: =IF(AA21<単価一覧表!D$4,"最低賃金法に抵触する恐れがあります!!","")
A22: 9 | P22: =O22/12 -> 0 | R22: =Q22/12 -> 0 | S22: =M22+N22+P22+R22 -> 0 | U22: =T22*L22 -> 0 | V22: =IFERROR((S22/U22),"") | Y22: =IFERROR((W22/X22),"") | AA22: =_xlfn.IFS(V22<>"", V22, Y22<>"", Y22, Z22<>"", Z22, TRUE, "") | AB22: =VLOOKUP(G22,単価一覧表!A:B,2,FALSE) -> #N/A | AC22: =AA22-AB22 -> #VALUE! | AD22: =AA22/AB22 -> #VALUE! | AE22: =IF(AA22<単価一覧表!D$4,"最低賃金法に抵触する恐れがあります!!","")
A23: 10 | P23: =O23/12 -> 0 | R23: =Q23/12 -> 0 | S23: =M23+N23+P23+R23 -> 0 | U23: =T23*L23 -> 0 | V23: =IFERROR((S23/U23),"") | Y23: =IFERROR((W23/X23),"") | AA23: =_xlfn.IFS(V23<>"", V23, Y23<>"", Y23, Z23<>"", Z23, TRUE, "") | AB23: =VLOOKUP(G23,単価一覧表!A:B,2,FALSE) -> #N/A | AC23: =AA23-AB23 -> #VALUE! | AD23: =AA23/AB23 -> #VALUE! | AE23: =IF(AA23<単価一覧表!D$4,"最低賃金法に抵触する恐れがあります!!","")
A24: 11 | P24: =O24/12 -> 0 | R24: =Q24/12 -> 0 | S24: =M24+N24+P24+R24 -> 0 | U24: =T24*L24 -> 0 | V24: =IFERROR((S24/U24),"") | Y24: =IFERROR((W24/X24),"") | AA24: =_xlfn.IFS(V24<>"", V24, Y24<>"", Y24, Z24<>"", Z24, TRUE, "") | AB24: =VLOOKUP(G24,単価一覧表!A:B,2,FALSE) -> #N/A | AC24: =AA24-AB24 -> #VALUE! | AD24: =AA24/AB24 -> #VALUE! | AE24: =IF(AA24<単価一覧表!D$4,"最低賃金法に抵触する恐れがあります!!","")
A25: 12 | P25: =O25/12 -> 0 | R25: =Q25/12 -> 0 | S25: =M25+N25+P25+R25 -> 0 | U25: =T25*L25 -> 0 | V25: =IFERROR((S25/U25),"") | Y25: =IFERROR((W25/X25),"") | AA25: =_xlfn.IFS(V25<>"", V25, Y25<>"", Y25, Z25<>"", Z25, TRUE, "") | AB25: =VLOOKUP(G25,単価一覧表!A:B,2,FALSE) -> #N/A | AC25: =AA25-AB25 -> #VALUE! | AD25: =AA25/AB25 -> #VALUE! | AE25: =IF(AA25<単価一覧表!D$4,"最低賃金法に抵触する恐れがあります!!","")
... A43: 30 | P43: =O43/12 -> 0 | R43: =Q43/12 -> 0 | S43: =M43+N43+P43+R43 -> 0 | U43: =T43*L43 -> 0 | V43: =IFERROR((S43/U43),"") | Y43: =IFERROR((W43/X43),"") | AA43: =_xlfn.IFS(V43<>"", V43, Y43<>"", Y43, Z43<>"", Z43, TRUE, "") | AB43: =VLOOKUP(G43,単価一覧表!A:B,2,FALSE) -> #N/A | AC43: =AA43-AB43 -> #VALUE! | AD43: =AA43/AB43 -> #VALUE! | AE43: =IF(AA43<単価一覧表!D$4,"最低賃金法に抵触する恐れがあります!!","")

Sheet 記入例
A1: 様式第２号（第４条関係）
A3: 支払賃金報告書 記入例
A5: 下記内容について、事実と相違ないことを誓約します。
B7: 作成者名：杉戸 花子 | C7: 連絡先：0480-33-1111 | D7: 工事完成日：令和9年3月19日
M8: ※月給制・日給制・時給制のいずれか1つのみ入力してください。 | P8: 自動計算 | R8: 自動計算 | S8: 自動計算 | U8: 自動計算 | V8: 自動計算 | Y8: 自動計算 | AA8: 自動計算 | AB8: 自動計算 | AC8: 自動計算 | AD8: 自動計算 | AE8: 自動計算
A9: No | B9: 工事名 | C9: 貴社の商号又は名称 | D9: 元請の商号又は名称 | E9: 元請/下請 | F9: 氏名 | G9: 職種区分 | I9: 年代 | J9: 現職場 在籍年数 | K9: 給与 形態 | L9: １ヶ月の 労働日数 | M9: 月給制 | W9: 日給制 | Z9: 時給制 | AA9: 時給換算額 （総合） | AB9: 設計労務単価 | AC9: 設計労務単価 との差異 | AD9: 設計労務単価 比率 | AE9: 最低賃金法違反確認
G10: 職種 | H10: 見習 | M10: 基本給 | N10: 基準内手当 | O10: 臨時の給与 | P10: 臨時の給与 （月換算） | Q10: 実物給付 | R10: 実物給付 （月換算） | S10: 支払賃金額 | T10: １日の所定労働時間 | U10: 月内労働時間 | V10: 時給換算額 | W10: 日給額 | X10: １日の所定労働時間 | Y10: 時給換算額 | Z10: 時給額
A12: 1 | B12: 役場庁舎改修工事 | C12: 株式会社杉戸町 | D12: 株式会社埼玉県 | E12: 一次下請 | F12: 新井 | G12: 01特殊作業員 | I12: 40～50代 | J12: 5年以上 | K12: 月給制 | L12: 22 | M12: 350000 | N12: 50000 | O12: 1200000 | P12: =O12/12 -> 100000 | Q12: 50000 | R12: =Q12/12 -> 4166.6667 | S12: =M12+N12+P12+R12 -> 504166.67 | T12: 8 | U12: =T12*L12 -> 176 | V12: =IFERROR((S12/U12),"") -> 2864.5833 | Y12: =IFERROR((W12/X12),"") | AA12: =_xlfn.IFS(V12<>"", V12, Y12<>"", Y12, Z12<>"", Z12, TRUE, "") -> 2864.5833 | AB12: =VLOOKUP(G12,単価一覧表!A:B,2,FALSE) -> 3625 | AC12: =AA12-AB12 -> -760.41667 | AD12: =AA12/AB12 -> 0.79022989 | AE12: =IF(AA12<単価一覧表!D$4,"最低賃金法に抵触する恐れがあります!!","")
A13: 2 | B13: 役場庁舎改修工事 | C13: 株式会社杉戸町 | D13: 株式会社埼玉県 | E13: 一次下請 | F13: 伊東 | G13: 06とび工 | I13: 60代以上 | J13: 5年以上 | K13: 月給制 | L13: 22 | M13: 400000 | N13: 70000 | O13: 2000000 | P13: =O13/12 -> 166666.67 | Q13: 40000 | R13: =Q13/12 -> 3333.3333 | S13: =M13+N13+P13+R13 -> 640000 | T13: 8 | U13: =T13*L13 -> 176 | V13: =IFERROR((S13/U13),"") -> 3636.3636 | Y13: =IFERROR((W13/X13),"") | AA13: =_xlfn.IFS(V13<>"", V13, Y13<>"", Y13, Z13<>"", Z13, TRUE, "") -> 3636.3636 | AB13: =VLOOKUP(G13,単価一覧表!A:B,2,FALSE) -> 4050 | AC13: =AA13-AB13 -> -413.63636 | AD13: =AA13/AB13 -> 0.89786756 | AE13: =IF(AA13<単価一覧表!D$4,"最低賃金法に抵触する恐れがあります!!","")
A14: 3 | B14: 役場庁舎改修工事 | C14: 株式会社杉戸町 | D14: 株式会社埼玉県 | E14: 一次下請 | F14: 齋藤 | G14: 02普通作業員 | I14: 40～50代 | J14: 1～5年未満 | K14: 時給制 | L14: 12 | P14: =O14/12 -> 0 | R14: =Q14/12 -> 0 | S14: =M14+N14+P14+R14 -> 0 | U14: =T14*L14 -> 0 | V14: =IFERROR((S14/U14),"") | Y14: =IFERROR((W14/X14),"") | Z14: 2750 | AA14: =_xlfn.IFS(V14<>"", V14, Y14<>"", Y14, Z14<>"", Z14, TRUE, "") -> 2750 | AB14: =VLOOKUP(G14,単価一覧表!A:B,2,FALSE) -> 3237.5 | AC14: =AA14-AB14 -> -487.5 | AD14: =AA14/AB14 -> 0.84942085 | AE14: =IF(AA14<単価一覧表!D$4,"最低賃金法に抵触する恐れがあります!!","")
A15: 4 | B15: 役場庁舎改修工事 | C15: 株式会社杉戸町 | D15: 株式会社埼玉県 | E15: 一次下請 | F15: 田中 | G15: 03軽作業員 | H15: 〇 | I15: 10～30代 | J15: 1年未満 | K15: 時給制 | L15: 15 | P15: =O15/12 -> 0 | R15: =Q15/12 -> 0 | S15: =M15+N15+P15+R15 -> 0 | U15: =T15*L15 -> 0 | V15: =IFERROR((S15/U15),"") | Y15: =IFERROR((W15/X15),"") | Z15: 1100 | AA15: =_xlfn.IFS(V15<>"", V15, Y15<>"", Y15, Z15<>"", Z15, TRUE, "") -> 1100 | AB15: =VLOOKUP(G15,単価一覧表!A:B,2,FALSE) -> 2250 | AC15: =AA15-AB15 -> -1150 | AD15: =AA15/AB15 -> 0.48888889 | AE15: =IF(AA15<単価一覧表!D$4,"最低賃金法に抵触する恐れがあります!!","") -> 最低賃金法に抵触する恐れがあります!!
A16: 5 | B16: 役場庁舎改修工事 | C16: 株式会社杉戸町 | D16: 株式会社埼玉県 | E16: 一次下請 | F16: 中島 | G16: 25土木一般世話役 | I16: 40～50代 | J16: 5年以上 | K16: 月給制 | L16: 22 | M16: 450000 | N16: 50000 | O16: 1800000 | P16: =O16/12 -> 150000 | Q16: 60000 | R16: =Q16/12 -> 5000 | S16: =M16+N16+P16+R16 -> 655000 | T16: 8 | U16: =T16*L16 -> 176 | V16: =IFERROR((S16/U16),"") -> 3721.5909 | Y16: =IFERROR((W16/X16),"") | AA16: =_xlfn.IFS(V16<>"", V16, Y16<>"", Y16, Z16<>"", Z16, TRUE, "") -> 3721.5909 | AB16: =VLOOKUP(G16,単価一覧表!A:B,2,FALSE) -> 4087.5 | AC16: =AA16-AB16 -> -365.90909 | AD16: =AA16/AB16 -> 0.91048096 | AE16: =IF(AA16<単価一覧表!D$4,"最低賃金法に抵触する恐れがあります!!","")
A17: 6 | B17: 役場庁舎改修工事 | C17: 株式会社杉戸町 | D17: 株式会社埼玉県 | E17: 一次下請 | F17: 山崎 | G17: 51交通誘導警備員B | I17: 60代以上 | J17: 1年未満 | K17: 日給制 | L17: 20 | P17: =O17/12 -> 0 | R17: =Q17/12 -> 0 | S17: =M17+N17+P17+R17 -> 0 | U17: =T17*L17 -> 0 | V17: =IFERROR((S17/U17),"") | W17: 15000 | X17: 8 | Y17: =IFERROR((W17/X17),"") -> 1875 | AA17: =_xlfn.IFS(V17<>"", V17, Y17<>"", Y17, Z17<>"", Z17, TRUE, "") -> 1875 | AB17: =VLOOKUP(G17,単価一覧表!A:B,2,FALSE) -> 2250 | AC17: =AA17-AB17 -> -375 | AD17: =AA17/AB17 -> 0.83333333 | AE17: =IF(AA17<単価一覧表!D$4,"最低賃金法に抵触する恐れがあります!!","")
A18: 7 | P18: =O18/12 -> 0 | R18: =Q18/12 -> 0 | S18: =M18+N18+P18+R18 -> 0 | U18: =T18*L18 -> 0 | V18: =IFERROR((S18/U18),"") | Y18: =IFERROR((W18/X18),"") | AA18: =_xlfn.IFS(V18<>"", V18, Y18<>"", Y18, Z18<>"", Z18, TRUE, "") | AB18: =VLOOKUP(G18,単価一覧表!A:B,2,FALSE) -> #N/A | AC18: =AA18-AB18 -> #VALUE! | AD18: =AA18/AB18 -> #VALUE! | AE18: =IF(AA18<単価一覧表!D$4,"最低賃金法に抵触する恐れがあります!!","")
A19: 8 | P19: =O19/12 -> 0 | R19: =Q19/12 -> 0 | S19: =M19+N19+P19+R19 -> 0 | U19: =T19*L19 -> 0 | V19: =IFERROR((S19/U19),"") | Y19: =IFERROR((W19/X19),"") | AA19: =_xlfn.IFS(V19<>"", V19, Y19<>"", Y19, Z19<>"", Z19, TRUE, "") | AB19: =VLOOKUP(G19,単価一覧表!A:B,2,FALSE) -> #N/A | AC19: =AA19-AB19 -> #VALUE! | AD19: =AA19/AB19 -> #VALUE! | AE19: =IF(AA19<単価一覧表!D$4,"最低賃金法に抵触する恐れがあります!!","")
A20: 9 | P20: =O20/12 -> 0 | R20: =Q20/12 -> 0 | S20: =M20+N20+P20+R20 -> 0 | U20: =T20*L20 -> 0 | V20: =IFERROR((S20/U20),"") | Y20: =IFERROR((W20/X20),"") | AA20: =_xlfn.IFS(V20<>"", V20, Y20<>"", Y20, Z20<>"", Z20, TRUE, "") | AB20: =VLOOKUP(G20,単価一覧表!A:B,2,FALSE) -> #N/A | AC20: =AA20-AB20 -> #VALUE! | AD20: =AA20/AB20 -> #VALUE! | AE20: =IF(AA20<単価一覧表!D$4,"最低賃金法に抵触する恐れがあります!!","")
A21: 10 | P21: =O21/12 -> 0 | R21: =Q21/12 -> 0 | S21: =M21+N21+P21+R21 -> 0 | U21: =T21*L21 -> 0 | V21: =IFERROR((S21/U21),"") | Y21: =IFERROR((W21/X21),"") | AA21: =_xlfn.IFS(V21<>"", V21, Y21<>"", Y21, Z21<>"", Z21, TRUE, "") | AB21: =VLOOKUP(G21,単価一覧表!A:B,2,FALSE) -> #N/A | AC21: =AA21-AB21 -> #VALUE! | AD21: =AA21/AB21 -> #VALUE! | AE21: =IF(AA21<単価一覧表!D$4,"最低賃金法に抵触する恐れがあります!!","")
A22: 11 | P22: =O22/12 -> 0 | R22: =Q22/12 -> 0 | S22: =M22+N22+P22+R22 -> 0 | U22: =T22*L22 -> 0 | V22: =IFERROR((S22/U22),"") | Y22: =IFERROR((W22/X22),"") | AA22: =_xlfn.IFS(V22<>"", V22, Y22<>"", Y22, Z22<>"", Z22, TRUE, "") | AB22: =VLOOKUP(G22,単価一覧表!A:B,2,FALSE) -> #N/A | AC22: =AA22-AB22 -> #VALUE! | AD22: =AA22/AB22 -> #VALUE! | AE22: =IF(AA22<単価一覧表!D$4,"最低賃金法に抵触する恐れがあります!!","")
A23: 12 | P23: =O23/12 -> 0 | R23: =Q23/12 -> 0 | S23: =M23+N23+P23+R23 -> 0 | U23: =T23*L23 -> 0 | V23: =IFERROR((S23/U23),"") | Y23: =IFERROR((W23/X23),"") | AA23: =_xlfn.IFS(V23<>"", V23, Y23<>"", Y23, Z23<>"", Z23, TRUE, "") | AB23: =VLOOKUP(G23,単価一覧表!A:B,2,FALSE) -> #N/A | AC23: =AA23-AB23 -> #VALUE! | AD23: =AA23/AB23 -> #VALUE! | AE23: =IF(AA23<単価一覧表!D$4,"最低賃金法に抵触する恐れがあります!!","")
A24: 13 | P24: =O24/12 -> 0 | R24: =Q24/12 -> 0 | S24: =M24+N24+P24+R24 -> 0 | U24: =T24*L24 -> 0 | V24: =IFERROR((S24/U24),"") | Y24: =IFERROR((W24/X24),"") | AA24: =_xlfn.IFS(V24<>"", V24, Y24<>"", Y24, Z24<>"", Z24, TRUE, "") | AB24: =VLOOKUP(G24,単価一覧表!A:B,2,FALSE) -> #N/A | AC24: =AA24-AB24 -> #VALUE! | AD24: =AA24/AB24 -> #VALUE! | AE24: =IF(AA24<単価一覧表!D$4,"最低賃金法に抵触する恐れがあります!!","")
A25: 14 | P25: =O25/12 -> 0 | R25: =Q25/12 -> 0 | S25: =M25+N25+P25+R25 -> 0 | U25: =T25*L25 -> 0 | V25: =IFERROR((S25/U25),"") | Y25: =IFERROR((W25/X25),"") | AA25: =_xlfn.IFS(V25<>"", V25, Y25<>"", Y25, Z25<>"", Z25, TRUE, "") | AB25: =VLOOKUP(G25,単価一覧表!A:B,2,FALSE) -> #N/A | AC25: =AA25-AB25 -> #VALUE! | AD25: =AA25/AB25 -> #VALUE! | AE25: =IF(AA25<単価一覧表!D$4,"最低賃金法に抵触する恐れがあります!!","")
A26: 15 | P26: =O26/12 -> 0 | R26: =Q26/12 -> 0 | S26: =M26+N26+P26+R26 -> 0 | U26: =T26*L26 -> 0 | V26: =IFERROR((S26/U26),"") | Y26: =IFERROR((W26/X26),"") | AA26: =_xlfn.IFS(V26<>"", V26, Y26<>"", Y26, Z26<>"", Z26, TRUE, "") | AB26: =VLOOKUP(G26,単価一覧表!A:B,2,FALSE) -> #N/A | AC26: =AA26-AB26 -> #VALUE! | AD26: =AA26/AB26 -> #VALUE! | AE26: =IF(AA26<単価一覧表!D$4,"最低賃金法に抵触する恐れがあります!!","")
A27: 16 | P27: =O27/12 -> 0 | R27: =Q27/12 -> 0 | S27: =M27+N27+P27+R27 -> 0 | U27: =T27*L27 -> 0 | V27: =IFERROR((S27/U27),"") | Y27: =IFERROR((W27/X27),"") | AA27: =_xlfn.IFS(V27<>"", V27, Y27<>"", Y27, Z27<>"", Z27, TRUE, "") | AB27: =VLOOKUP(G27,単価一覧表!A:B,2,FALSE) -> #N/A | AC27: =AA27-AB27 -> #VALUE! | AD27: =AA27/AB27 -> #VALUE! | AE27: =IF(AA27<単価一覧表!D$4,"最低賃金法に抵触する恐れがあります!!","")
A28: 17 | P28: =O28/12 -> 0 | R28: =Q28/12 -> 0 | S28: =M28+N28+P28+R28 -> 0 | U28: =T28*L28 -> 0 | V28: =IFERROR((S28/U28),"") | Y28: =IFERROR((W28/X28),"") | AA28: =_xlfn.IFS(V28<>"", V28, Y28<>"", Y28, Z28<>"", Z28, TRUE, "") | AB28: =VLOOKUP(G28,単価一覧表!A:B,2,FALSE) -> #N/A | AC28: =AA28-AB28 -> #VALUE! | AD28: =AA28/AB28 -> #VALUE! | AE28: =IF(AA28<単価一覧表!D$4,"最低賃金法に抵触する恐れがあります!!","")
A29: 18 | P29: =O29/12 -> 0 | R29: =Q29/12 -> 0 | S29: =M29+N29+P29+R29 -> 0 | U29: =T29*L29 -> 0 | V29: =IFERROR((S29/U29),"") | Y29: =IFERROR((W29/X29),"") | AA29: =_xlfn.IFS(V29<>"", V29, Y29<>"", Y29, Z29<>"", Z29, TRUE, "") | AB29: =VLOOKUP(G29,単価一覧表!A:B,2,FALSE) -> #N/A | AC29: =AA29-AB29 -> #VALUE! | AD29: =AA29/AB29 -> #VALUE! | AE29: =IF(AA29<単価一覧表!D$4,"最低賃金法に抵触する恐れがあります!!","")
... A41: 30 | P41: =O41/12 -> 0 | R41: =Q41/12 -> 0 | S41: =M41+N41+P41+R41 -> 0 | U41: =T41*L41 -> 0 | V41: =IFERROR((S41/U41),"") | Y41: =IFERROR((W41/X41),"") | AA41: =_xlfn.IFS(V41<>"", V41, Y41<>"", Y41, Z41<>"", Z41, TRUE, "") | AB41: =VLOOKUP(G41,単価一覧表!A:B,2,FALSE) -> #N/A | AC41: =AA41-AB41 -> #VALUE! | AD41: =AA41/AB41 -> #VALUE! | AE41: =IF(AA41<単価一覧表!D$4,"最低賃金法に抵触する恐れがあります!!","")

Sheet 記入要領
A1: 支払賃金報告書作成要領
A3: １ 全体事項
A4: 報告対象者 | F4: 報告対象者は、この工事に従事したすべての労働者（51職種に該当）となります。 （例）履行期間が5/1～7/31の契約 5月に従事した労働者 ⇒ Ａさん、Ｂさん 6月に従事した労働者 ⇒ Ｂさん、Ｃさん 7月に従事した労働者 ⇒ Ａさん、Ｄさん、Ｅさん この場合、報告書には、Ａさん、Ｂさん、Ｃさん、Ｄさん、Ｅさんの5行記載することになります。
A5: 本調査の対象外 | F5: 工事に直接携わらない労働者（事務員、現場代理人等）
A6: 報告基準日 | F6: 報告書に記載する賃金等の基準日については、労働者が従事した期間中の任意の日時（受注者がこの報告書を作成するに当たり、集計しやすい日時で構いません）とします。 上記、報告対象者の説明にある例において、Ａさんは、5月または7月のいずれかの内容で記載してください。
A7: 書類提出方法 | F7: ・元請・各下請別に分けて作成してください。 ・各下請は、工事完成前までに、データ（Excel形式）により元請に提出してください。 ・元請は、報告書に不備や未記入箇所がないよう確認し、下請分を取りまとめの上、工事完成通知書の提出時に町へご提出ください。提出方法は、データ（Excel形式）により「発注課メールアドレス」及び「管財契約課メールアドレス」へご提出ください。 ※ 発注課メールアドレスは、入札公告文に掲載されています。 ※ 管財契約課メールアドレス⇒ kanzaikeiyaku@town.sugito.lg.jp （例）施行体系図に2次下請まで記載されている場合、元請は、下請と合わせて3枚の報告書をメールにてご提出ください。
A8: 調査結果の公表 | F8: 本調査の結果については、翌年度の5月末日を目安に町ホームページへ公表します。 ※ 企業名や氏名を公表することはありません。
A10: ２ 個別項目事項
A11: 工事名 | F11: 集計の都合上、全ての行に入力してください。
A12: 貴社の商号又は名称 | F12: 集計の都合上、全ての行に入力してください。
A13: 元請の商号又は名称 | F13: 下請の場合のみ、全ての行に入力してください。元請の場合は入力不要です。
A14: 元請/下請 | F14: 労働者の雇用状況をドロップダウンリストより選択してください。
A15: 氏名 | F15: 原則として、入力は不要です。作成時、必要に応じてご活用ください。
A16: 職種 | F16: 51職種から選択してください。詳細は、「職種説明」をご確認ください。
A17: 見習区分 | F17: 見習い・手元等に該当する場合は「〇」とし、それ以外は未入力としてください。 なお、見習い・手元等の場合、職種は「普通作業員」または「軽作業員」に区分してください。
A18: 年代 | F18: 労働者の報告基準日における年代をドロップダウンリストより選択してください。
A19: 現職場 在籍年数 | F19: 報告基準日に所属する職場（会社）の在籍年数をドロップダウンリストより選択してください。
A20: 給与形態 | F20: 労働者の給与形態をドロップダウンリストより選択してください。
A21: １ヶ月の 労働日数 | F21: 雇用契約上の１ヶ月の労働日数を入力してください。 ※実際の労働日数ではありませんのでご注意ください。
A22: 月給制 | B22: 書類作成上 の注意点 | F22: 特殊な労働に対する手当、割増賃金の代替としての手当、休業手当、本来は経費に当たる手当などは基本給や臨時の給与に含めないでください。
B23: 基本給 | F23: 月給額のうち基本給（定額給）、出来高給を入力してください。 ※報告基準日における月額を入力してください。
B24: 基準内手当 | F24: 扶養手当、管理職手当、通勤手当、地域手当、住宅手当、現場手当、技能手当、精勤手当等の合計額を入力してください。 ※報告基準日における月額を入力してください。 ※毎月固定で支給している手当の額を入力してください。 （例）自家用車通勤で、毎月1,000円をガソリン代として支払っている場合は「基準内手当」として計上します。 電車通勤で、6ヶ月に1度10,000円の定期を支給している場合は、「実物給付」として計上します。 ※「残業代」は計上しないでください。
B25: 臨時の給与 | F25: 年間のボーナス、その他の臨時の給与を入力してください。 ※過去1年間に貴社が支払った（または、支払う予定の）合計額（年額）を入力してください。
B26: 実物給付 | F26: 現物給与（通勤用定期の支給、食事の支給）等の合計額を入力してください。 ※過去1年間に貴社が支払った（または、支払う予定の）合計額（年額）を入力してください。 ※不定期に支給している給付の額を入力してください。
B27: １日の所定 労働時間 | F27: 雇用契約上の１日の労働時間数を入力してください。 ※実際の労働時間数ではありませんのでご注意ください。
A28: 日給制 | B28: 日給額 | F28: 雇用契約上の日給額を入力してください。
B29: １日の所定 労働時間 | F29: 雇用契約上の１日の労働時間数を入力してください。 ※実際の労働時間数ではありませんのでご注意ください。
A30: 時給制 | B30: 時給額 | F30: 雇用契約上の時間給を入力してください。

Sheet 注意点
A1: 職種の分類（選択）にあたっての注意点
A3: 職種の分類（選択）は、本調査における職種の構成によるため、企業で使用している名称（呼称）にとらわれず、公共工事設計労務単価表の定義・作業内容により分類（選択）してください。その際、特に注意していただく点は以下のとおりです。
A5: １ 本調査の対象外となる者について
B7: ⇒工事に直接携わらない労働者（事務員等）は調査対象外となります。 また、現場代理人や監理・主任技術者（下請企業の主任技術者等も含む）としての業務のみで従事している場合は、調査対象外となります。
A9: ２ 本調査における「普通作業員」または「軽作業員」の分類について
B11: ⇒本調査では、補助的な作業を行う場合（主体的業務である判断や指示を行わない場合）は「普通作業員」または「軽作業員」に分類されます。企業で使用している名称（呼称）と一致しなくても差し支えありません。
B13: 【具体例：会社では「とび工」と呼んでいる場合】
B14: ・本調査では、「高所・中空における作業について相当程度の技能および高度の肉体的 条件を有し、・・・主体的業務を行うもの」（公共工事設計労務単価表「06とび工」参照） がとび工に分類されます。
B15: ・従って、自ら判断・指示など主体的業務を行わず作業に従事する場合は、「普通作業員」 または「軽作業員」に分類してください。この際、普段使用している名称と異なっても問題 ありません。
B17: ⇒作業内容を決定（判断）、作業員へ指示する場合・・・「とび工」に分類
B19: ⇒指示を受けて作業を行う場合・・・「普通作業員」または「軽作業員」に分類
A21: ３ 「世話役」が設けられている職種における「世話役」と世話役以外の職種の区分について
B23: ⇒世話役を選択するのは、労働者の作業分担及び作業内容の指示、指導、監督等の世話役業務にのみ従事している場合、または、労働者としての作業内容にも従事するが世話役業務の方が重要である場合となります。
A25: ４ 見習い・手元等の分類について
B27: ⇒見習い・手元等は、技能の保有状況および肉体的条件と作業内容に応じて「普通作業員」または「軽作業員」に分類してください。

Sheet 職種説明
A1: 職種の定義・作業内容
A3: 職種 | B3: 定義・作業内容
A4: 01特殊作業員 | B4: ① 相当程度の技能および高度の肉体的条件を有し、主として次に掲げる作業について主体的業務を行うもの a. 軽機械（道路交通法第84条に規定する運転免許ならびに労働安全衛生法第61条第１項に規定する免許、資格および技能講習の修了を必要とせず、運転および操作に比較的熟練を要しないもの）を運転または操作して行う次の作業 イ．機械重量３ｔ未満のブルドーザ・トラクタ（クローラ型）・バックホウ（クローラ型）・トラクタショベル（クローラ型）・レーキドーザ・タイヤドーザ等を運転または操作して行う土砂等の掘削、積込みまたは運搬 ロ．吊上げ重量１ｔ未満のクローラクレーン、吊上げ重量５ｔ未満のウインチ等を運転または操作して行う資材等の運搬 ハ．機械重量３ｔ未満の振動ローラ（ 自走式 ）、ランマ、タンパ等を運転または操作して行う土砂等の締固め ニ．可搬式ミキサ、バイブレータ等を運転または操作して行うコンクリートの練上げおよび打設 ホ．ピックブレーカ等を運転または操作して行うコンクリート、舗装等のとりこわし ヘ．動力草刈機を運転または操作して行う機械除草 ト．ポンプ、コンプレッサ、発動発電機等の運転または操作 b. 人力による合材の敷均しおよび舗装面の仕上げ c. ダム工事において、グリズリホッパ、トリッパ付ベルトコンベア、骨材洗浄設備、振動スクリーン、二次・三次破砕設備、製砂設備、骨材運搬設備（調整ビン機械室）を運転または操作して行う骨材の製造、貯蔵または運搬 d. コンクリートポンプ車の筒先作業 ② その他、相当程度の技能および高度の肉体的条件を有し、各種作業について必要とされる主体的業務を行うもの
A5: 02普通作業員 | B5: ① 普通の技能および肉体的条件を有し、主として次に掲げる作業を行うもの a. 人力による土砂等の掘削、積込み、運搬、敷均し等 b. 人力による資材等の積込み、運搬、片付け等 c. 人力による小規模な作業（たとえば、標識、境界ぐい等の設置） d. 人力による芝はり作業（公園等の苑地を築造する工事における芝はり作業について主体的業務を行うものを除く） e. 人力による除草 f. ダム工事での骨材の製造、貯蔵または運搬における人力による木根、不良鉱物等の除去 ② その他、普通の技能および肉体的条件を有し、各種作業について必要とされる補助的業務を行うもの
A6: 03軽作業員 | B6: ① 主として人力による軽易な次の作業を行うもの a. 軽易な清掃または後片付け b. 公園等における草むしり c. 軽易な散水 d. 現場内の軽易な小運搬 e. 準備測量、出来高管理等の手伝い f. 仮設物、安全施設等の小物の設置または撤去 g. 品質管理のための試験等の手伝い ② その他、各種作業において主として人力による軽易な補助作業を行うもの
A7: 04造園工 | B7: 造園工事について相当程度の技能を有し、主として次に掲げる作業について主体的業務を行うもの ① 樹木の植栽または維持管理 ② 公園、庭園、緑地等の苑地を築造する工事における次の作業 a. 芝等の地被類の植付け b. 景石の据付け c. 地ごしらえ d. 園路または広場の築造 e. 池または流れの築造 f. 公園設備の設置
A8: 05法面工 | B8: 法面工事について相当程度の技能および高度の肉体的条件を有し、主として次に掲げる作業について主体的業務を行うもの a. モルタルコンクリート吹付機または種子吹付機の運転 b. 高所・急勾配法面における、ピックハンマ、ブレーカによる法面整形または金網・鉄筋張り作業 c. モルタルコンクリート吹付け、種子吹付け等の法面仕上げ
A9: 06とび工 | B9: 高所・中空における作業について相当程度の技能および高度の肉体的条件を有し、主として次に掲げる作業について主体的業務を行うもの a. 足場または支保工の組立、解体等（コンクリート橋または鋼橋の桁架設に係るものを除く） b. 木橋の架設等 c. 杭、矢板等の打ち込みまたは引き抜き（杭打機の運転を除く） d. 仮設用エレベーター、杭打機、ウインチ、索道等の組立、据付、解体等 e. 重量物（大型ブロック、大型覆工板等）の捲揚げ、据付け等（クレーンの運転を除く） f. 鉄骨材の捲揚げ（クレーンの運転を除く）
A10: 07石工 | B10: 石材の加工等について相当程度の技能および高度の肉体的条件を有し、主として次に掲げる作業について主体的業務を行うもの a. 石材の加工 b. 石積みまたは石張り c. 構造物表面のはつり仕上げ
A11: 08ブロック工 | B11: ブロック工事について相当程度の技能を有し、積ブロック、張ブロック、連節ブロック、舗装用平板等の積上げ、布設等の作業について主体的業務を行うもの （48建築ブロック工に該当するものを除く）
A12: 09電工 | B12: 電気工事について相当程度の技能かつ必要な資格を有し、建物ならびに屋外における、受電設備、変電設備、配電線路、電力設備、発電設備、通信設備等の工事に関する、主として次に掲げる作業について主体的業務を行うもの a. 配線器具、照明器具、発電機、通信機器、盤類等の取付け、据付けまたは撤去 b. 電線、電線管等の取付け、据付けまたは撤去 「必要な資格を有し」とは、電気工事士法第3条に規定する以下の4つの資格のいずれかの免状または認定証の交付を受けていることをいう。 ① 第1種電気工事士 ② 第2種電気工事士 ③ 認定電気工事従事者 ④ 特殊電気工事資格者
A13: 10鉄筋工 | B13: 鉄筋の加工組立について相当程度の技能を有し、鉄筋コンクリート工事における鉄筋の切断、屈曲、成型、組立、結束等について主体的業務を行うもの
A14: 11鉄骨工 | B14: 鉄骨の組立について相当程度の技能を有し、鉄塔、鉄柱、高層建築物等の建設における鉄骨の組立、H.T.ボルト締めまたは建方および建方合番（相番）作業について主体的業務を行うもの（工場製作に従事するものおよび鋼橋の桁架設における作業、鉄骨の組立に必要な足場もしくは支保工の組立、解体等または鉄骨材の捲揚げ作業に従事するものを除く）
... A54: 51交通誘導警備員B | B54: 警備業者の警備員で、交通誘導警備員Ａ以外の交通の誘導に従事するもの

Sheet 単価一覧表
A1: 単価一覧表
A3: 設計労務単価 | B3: 時給 | C3: 日給 | D3: 最低賃金
A4: 01特殊作業員 | B4: 3625 | C4: 29000 | D4: 1196
A5: 02普通作業員 | B5: 3237.5 | C5: 25900
A6: 03軽作業員 | B6: 2250 | C6: 18000
A7: 04造園工 | B7: 3312.5 | C7: 26500
A8: 05法面工 | B8: 3987.5 | C8: 31900
A9: 06とび工 | B9: 4050 | C9: 32400
A10: 07石工 | B10: 4087.5 | C10: 32700
A11: 08ブロック工 | B11: 4050 | C11: 32400
A12: 09電工 | B12: 3900 | C12: 31200
A13: 10鉄筋工 | B13: 4150 | C13: 33200
A14: 11鉄骨工 | B14: 3637.5 | C14: 29100
A15: 12塗装工 | B15: 4312.5 | C15: 34500
A16: 13溶接工 | B16: 4475 | C16: 35800
... A44: 41サッシ工 | B44: 4137.5 | C44: 33100
A45: 42屋根ふき工 | B45: - | C45: -
A46: 43内装工 | B46: 4350 | C46: 34800
A47: 44ガラス工 | B47: 4175 | C47: 33400
A48: 45建具工 | B48: - | C48: -
A49: 46ダクト工 | B49: 3775 | C49: 30200
A50: 47保温工 | B50: 3575 | C50: 28600
A51: 48建築ブロック工 | B51: - | C51: -
A52: 49設備機械工 | B52: 3512.5 | C52: 28100
A53: 50交通誘導警備員A | B53: 2400 | C53: 19200
A54: 51交通誘導警備員B | B54: 2250 | C54: 18000

Sheet ドロップダウン
A1: 元請/下請 | B1: 職種区分 | C1: 給与形態 | D1: 年代 | E1: 現職場 在籍年数
A2: 元請 | B2: 現場代理人等 | C2: 月給制 | D2: 10代 | E2: 1年未満
A3: 一次下請 | B3: 特殊作業員 | C3: 日給制 | D3: 20代 | E3: 1年～2年未満
A4: 二次下請 | B4: 普通作業員 | C4: 時間給制 | D4: 30代 | E4: 2年～3年未満
A5: 三次下請 | B5: 軽作業員 | D5: 40代 | E5: 3年～4年未満
A6: 四次下請以降 | B6: 造園工 | D6: 50代 | E6: 4年～5年未満
B7: 法面工 | D7: 60～64歳 | E7: 5年以上
B8: とび工 | D8: 65歳以上
B9: 石工
B10: ブロック工
A11: 元請,一次下請,二次下請,三次下請,四次下請以降 | B11: 電工 | C11: 月給制,日給制,時間給制 | D11: 10代,20代,30代,40代,50代,60～64歳,65歳以上 | E11: 1年未満,1年～2年未満,2年～3年未満,3年～4年未満,4年～5年未満,5年以上
B12: 鉄筋工
B13: 鉄骨工
B14: 塗装工
B15: 溶接工
B16: 運転手（特殊）
B17: 運転手（一般）
B18: 潜かん工
B19: 潜かん世話役
B20: さく岩工
B21: トンネル特殊工
B22: トンネル作業員
B23: トンネル世話役
... B53: 交通誘導員Ｂ
B55: =B2&B3&B4&B5&B6&B7&B8&B9&B10&B11&B12&B13&B14&B15&B16&B17&B18&B19&B20&B21&B22&B23&B24&B25&B26&B27&B28&B29&B30&B31&B32&B33&B34&B35&B36&B37&B38&B39&B40&B41&B42&B43&B44&B45&B46&B47&B48&B49&B50&B51&B52&B53 -> 現場代理人等特殊作業員普通作業員軽作業員造園工法面工とび工石工ブロック工電工鉄筋工鉄骨工塗装工溶接工運転手（特殊）運転手（一般）潜かん工潜かん世話役さく岩工トンネル特殊工トンネル作業員トンネル世話役橋りょう特殊工橋りょう塗装工橋りょう世話役土木一般世話役高級船員普通船員潜水士潜水連絡員潜水送気員山林砂防工軌道工型わく工大工左官配管工はつり工防水工板金工タイル工サッシ工屋根ふき工内装工ガラス工建具工ダクト工保温工建築ブロック工設備機械工交通誘導員Ａ交通誘導員Ｂ
